 Dungeon Crawl Stone Soup version 0.30-a0-726-gd89dcf765f (webtiles) character file.

Game seed: 1958745053054930303

152 Laraso the Cudgeller (level 5, -1/32 HPs)
             Began as a Gargoyle Fighter on Jan 30, 2023.
             Slain by a mummy (7 damage)
             ... in an ossuary.
             The game lasted 00:04:01 (2016 turns).

Laraso the Cudgeller (Gargoyle Fighter)             Turns: 2016, Time: 00:04:02

Health: -1/32      AC: 21    Str: 20    XL:     5   Next: 34%
Magic:  14/14      EV:  9    Int:  8    God:
Gold:   137        SH:  4    Dex: 11    Spells: 4/4 levels left

rFire   . . .      SeeInvis .    b - +2 flail (protect)
rCold   . . .      Faith    .    c - +0 buckler
rNeg    + . .      Spirit   .    n - +0 scale mail
rPois   ∞          Reflect  .    k - +0 helmet
rElec   +          Harm     .    (no cloak)
rCorr   .          Rampage  .    l - +1 pair of gloves
Will    .....                    (no boots) Stlth
                                 (no amulet)
HPRegen 0.25/turn                f - +4 ring of slaying
MPRegen 0.14/turn                j - ring of magical power

@: mighty, under a protective aura
A: sickness immunity, AC +4, negative energy resistance 1, electricity
resistance, torment resistance 1, petrification resistance
a: no special abilities


You were in an ossuary.
You visited 1 branch of the dungeon, and saw 4 of its levels.
You also visited: Ossuary.

You collected 137 gold pieces.

Inventory:

Hand Weapons
 a - a +0 flail of venom
 b - a +2 flail of protection (weapon)
Armour
 c - a +0 buckler (worn)
 k - a +0 helmet (worn)
 l - a +1 pair of gloves (worn)
 n - a +0 scale mail (worn)
Jewellery
 f - a +4 ring of slaying (left hand)
 j - a ring of magical power (right hand)
 r - a +6 ring of strength
Scrolls
 m - 2 scrolls of poison
Potions
 e - 2 potions of brilliance
 g - a potion of curing
 h - a potion of invisibility {unknown}
 i - 2 potions of mutation
 p - a potion of degeneration {unknown}


   Skills:
 - Level 3.2 Fighting
 * Level 5.4 Maces & Flails
 - Level 3.2 Armour
 - Level 3.2 Shields


You had 4 spell levels left.
You didn't know any spells.
Your spell library contained the following spells:

 Spells                   Type           Power      Damage    Failure   Level
 Slow                     Hex            0%         N/A       85%         1
 Summon Small Mammal      Summ           0%         N/A       85%         1
 Ensorcelled Hibernation  Hex/Ice        0%         N/A       94%         2
 Call Canine Familiar     Summ           0%         N/A       99%         3
 Confusing Touch          Hex            0%         N/A       99%         3
 Spider Form              Tmut/Pois      0%         N/A       99%         3
 Summon Guardian Golem    Hex/Summ       0%         N/A       99%         3
 Vampiric Draining        Necr           0%         2d6       99%         3
 Anguish                  Hex/Necr       0%         N/A       100%        4


Dungeon Overview and Level Annotations

Branches:
Dungeon (4/15)            Ossuary (1/1)
 Temple: D:4-7

Altars:


Innate Abilities, Weirdness & Mutations

You are immune to sickness and miasma.
Your stone body is resilient. (AC +4)
You are immune to poison.
You resist negative energy. (rN+)
You are resistant to electric shocks. (rElec)
You are resistant to unholy torment.
You are immune to petrification.


Message History

The centaur zombie hits you but does no damage.
The centaur zombie closely misses you. You block the centaur zombie's attack.
The centaur zombie kicks you but does no damage.
The mummy hits you! The mummy barely misses you.
The mummy hits you but does no damage. The centaur zombie hits you.
The centaur zombie closely misses you.
You sock the mummy!
Your weapon exudes an aura of protection.
You destroy the mummy!
The centaur zombie closely misses you. The centaur zombie barely misses you.
The centaur zombie hits you but does no damage.
The centaur zombie barely misses you.
The centaur zombie hits you but does no damage.
You block the centaur zombie's attack. The mummy hits you.
* * * LOW HITPOINT WARNING * * *
The mummy hits you but does no damage.
You sock the mummy!
The mummy is severely damaged.
The centaur zombie hits you but does no damage.
The centaur zombie barely misses you. You block the centaur zombie's attack.
The centaur zombie kicks you.
* * * LOW HITPOINT WARNING * * *
The centaur zombie hits you but does no damage.
The centaur zombie kicks you but does no damage.
The centaur zombie closely misses you. The centaur zombie barely misses you.
You closely miss the mummy.
The mummy is severely damaged.
The centaur zombie hits you.
* * * LOW HITPOINT WARNING * * *
The centaur zombie kicks you but does no damage.
The mummy misses you. The centaur zombie misses you.
The centaur zombie closely misses you. The mummy closely misses you.
You sock the mummy!
You destroy the mummy!
The centaur zombie hits you.
* * * LOW HITPOINT WARNING * * *
The centaur zombie closely misses you. You block the centaur zombie's attack.
The centaur zombie kicks you but does no damage.
The centaur zombie closely misses you. x2; The mummy hits you!
You die...

#
###########.#
##..@Z....^...
#...MZ........
#.....∩.∩.....
#.............
##.........^..
###########.#
#


You could see a mummy and 2 centaur zombies.

Vanquished Creatures
  Natasha (D:4)
  2 mummies (Ossuary)
  A gnoll (D:1)
  3 adders
  A worm (D:3)
  6 orcs
  5 endoplasms
  A giant cockroach (D:2)
  9 goblins
  8 hobgoblins
  4 jackals (D:2)
  3 kobolds
  4 quokkas
  5 ball pythons
  5 bats
  2 frilled lizards (D:2)
  5 rats
65 creatures vanquished.

Notes
Turn   | Place    | Note
-------+----------+-------------------------------------------
     0 | D:1      | Laraso the Gargoyle Fighter began the quest for the Orb.
     0 | D:1      | Reached XP level 1. HP: 14/14 MP: 1/1
    88 | D:1      | Reached XP level 2. HP: 17/19 MP: 2/2
   115 | D:1      | Found a faded altar of an unknown god.
   318 | D:1      | Reached skill level 3 in Maces & Flails
   396 | D:1      | Reached XP level 3. HP: 21/23 MP: 3/3
  1018 | D:2      | Reached skill level 4 in Maces & Flails
  1086 | D:2      | Reached XP level 4. HP: 28/28 MP: 4/4
  1912 | D:3      | Noticed Natasha
  1927 | D:4      | Killed Natasha
  1928 | D:4      | Reached skill level 5 in Maces & Flails
  1928 | D:4      | Reached XP level 5. HP: 26/32 MP: 5/5
  1997 | D:4      | Found a sand-covered staircase.
  2002 | Ossuary  | Entered an ossuary
  2016 | Ossuary  | Slain by a mummy

Illustrated notes

Levels and vault maps discovered:
D:1:      dpeg_arrival_tiny_k, layout_basic, shapermc_ecumenical_altar_ellora,
          st_stairs_6, minmay_pentomino_p4
D:2:      layout_basic
D:3:      layout_rooms, nemelex_spade_bored_becter, lemuel_round_altar,
          uniq_natasha
D:4:      layout_loops_cross, mainiacjoe_overflow_24_doors, serial_shops,
          nicolae_shop_behind_doors, enter_ossuary_5
Ossuary:  ossuary_the_hunt_dpeg

Skill      XL: |  1  2  3  4 |
---------------+-------------+-----
Maces & Flails | 3 4 5 |  5.4
Fighting       | |  3.2
Armour         | |  3.2
Shields        | |  3.2

Action                     |  1- 3 |  4- 6 || total
---------------------------+-------+-------++-------
  Melee: Flail             |   123 |    63 ||   186
    Use: Scroll            |     5 |     5 ||    10
         Potion            |       |     1 ||     1
 Armour: Scale mail        |    80 |    52 ||   132
  Dodge: Dodged            |    65 |    54 ||   119
  Block: Buckler           |    24 |    18 ||    42

Table legend: (Time is in decaauts)
 A = Elapsed time spent in this place.
 B = Non-inter-level travel time spent in this place.
 C = Inter-level travel time spent in this place.
 D = Time resting spent in this place.
 E = Time spent auto-exploring this place.
 F = Levels seen in this place.
 G = Mean time per level.
                   A        B        C        D        E       F      G
               +--------+--------+--------+--------+--------+-----+--------+
         Total |   2062 |   1944 |    118 |     49 |   1351 |   5 |  412.4 |
       Dungeon |   2047 |   1929 |    118 |     49 |   1351 |   4 |  511.8 |
       Ossuary |     15 |     15 |      0 |      0 |      0 |   1 |   15.0 |
               +--------+--------+--------+--------+--------+-----+--------+

Top non-repeatable levels by time:
     D:2: 1026 daAuts
     D:1: 844 daAuts
     D:3: 116 daAuts
     D:4: 59 daAuts
 Ossuary: 15 daAuts
